 Dungeon Crawl Stone Soup version 0.32-a0-290-g598725c5f2 (webtiles) character file.

Game seed: 3574523266803456364

19 Bravepunisher the Ducker (level 2, 16/16 HPs)
             Began as a Spriggan Monk on Feb 13, 2024.
             Quit the game on level 3 of the Dungeon.
             The game lasted 00:03:45 (1011 turns).

Bravepunisher the Ducker (Spriggan Monk)            Turns: 1011, Time: 00:03:46

Health: 16/16      AC:  3    Str:  7    XL:     2   Next: 55%
Magic:  3/3        EV: 19    Int: 11    God:
Gold:   53         SH:  0    Dex: 17    Spells: 1/1 levels left

rFire   . . .        a - +0 short sword
rCold   . . .        (no shield)
rNeg    . . .        b - +0 robe
rPois   .            (helmet restricted)
rElec   .            g - +0 cloak
rCorr   .            (gloves unavailable)
SInv    +            (boots unavailable)
Will    .....        (no amulet)
Stlth   ++           (no ring)
HPRegen 0.22/turn    (no ring)
MPRegen 0.08/turn

%: no passive effects
@: very quick
A: very small, no large weapons, unfitting armour, see invisible, speed 3
a: no special abilities


You were on level 3 of the Dungeon.
You visited 1 branch of the dungeon, and saw 7 of its levels.

You collected 53 gold pieces.

Inventory:

Hand Weapons
 a - a +0 short sword (weapon)
Armour
 b - a +0 robe (worn)
 g - a +0 cloak (worn)
Jewellery
 l - a ring of protection from cold
Scrolls
 d - a scroll of blinking {unknown}
 e - a scroll of vulnerability {unknown}
 h - a scroll of fog {unknown}
 i - a scroll of silence {unknown}
 j - a scroll of identify {unknown}
 k - 2 scrolls of immolation {unknown}
 m - a scroll of enchant weapon {unknown}
Potions
 c - 2 potions of ambrosia
 f - 2 potions of curing {unknown}
 n - 2 potions of resistance {unknown}
 o - a potion of attraction {unknown}


   Skills:
 + Level 2.7 Fighting
 - Level 3.2 Short Blades
 * Level 4.9 Dodging


You had one spell level left.
You didn't know any spells.
Your spell library contained the following spells:

 Spells                   Type           Power      Damage    Failure   Level
 Mercury Vapours          Alch/Air       0%         N/A       47%         2
 Mephitic Cloud           Conj/Alch/Air  0%         N/A       71%         3
 Freezing Cloud           Conj/Ice/Air   0%         6-21      100%        5


Dungeon Overview and Level Annotations

Branches:
Dungeon (7/15)
 Temple: D:4-7

Altars:
Fedhas
Gozag

Shops:
D:4 *

Annotations:
D:3 Sigmund


Innate Abilities, Weirdness & Mutations

You are very small and have problems with some larger weapons.
You are too small for most types of armour.
You have supernaturally acute eyesight. (SInv)
You cover ground extremely quickly. (Speed+++)


Message History

You closely miss the kobold. You hit the kobold.
The kobold is severely wounded.
The kobold misses you.
You hit the kobold.
You kill the kobold!
You see here a +0 short sword.
Found a whip.
n - 2 fuming pink potions
Found 4 stones.
You see here 4 stones.
f - 2 fizzy orange potions (gained 1)
A rat comes into view.
A rat is nearby!
The rat squeaks loudly.
You barely miss the rat. The rat completely misses you.
You hit the rat but do no damage. The rat barely misses you.
You completely miss the rat. You barely miss the rat.
The rat closely misses you.
You closely miss the rat. The rat closely misses you.
You closely miss the rat. The rat barely misses you.
You hit the rat.
The rat is heavily wounded.
The rat barely misses you.
You hit the rat but do no damage.
The rat is heavily wounded.
The rat closely misses you.
You closely miss the rat.
The rat is heavily wounded.
The rat misses you.
You closely miss the rat.
The rat is heavily wounded.
The rat misses you.
You hit the rat.
You kill the rat!
Found a stone staircase leading up.
o - a sapphire potion
There is a stone staircase leading up here.
Sigmund is nearby!
Are you sure you want to abandon this character and quit the game? (Confirm with "yes".)

#.# ..# #.# #.# #.#
#.# #@# #.# #.# #.#
##.## #.# #...#
#.###.#.##
#############...@....#
.....................#
.#############.......#
<# #...<...# .#
#.......# .# #####
#.......# .####...##
#.......# ..##.###.#
####.#### .....#
#.########.#


You could see Sigmund (wandering).

Vanquished Creatures
  A giant cockroach (D:3)
  2 goblins (D:3)
  A hobgoblin (D:3)
  3 kobolds (D:3)
  A quokka (D:3)
  2 ball pythons (D:2)
  A rat (D:3)
11 creatures vanquished.

Notes
Turn   | Place    | Note
-------+----------+-------------------------------------------
     0 | D:1      | Bravepunisher the Spriggan Monk began the quest for the
                  | Orb.
     0 | D:1      | Reached XP level 1. HP: 11/11 MP: 2/2
    80 | D:2      | Found a faded altar of an unknown god.
   110 | D:3      | Found an opulent altar of Gozag.
   238 | D:3      | Noticed Sigmund
   264 | D:4      | Noticed a phantom
   299 | D:5      | Entered Level 5 of the Dungeon
   301 | D:5      | Noticed a black bear
   373 | D:6      | Noticed a centaur
   374 | D:6      | Found a blossoming altar of Fedhas.
   401 | D:7      | Noticed a sky beast
   403 | D:7      | Noticed an ice beast
   412 | D:7      | Noticed an ice beast
   415 | D:7      | Noticed a jelly
   477 | D:5      | Noticed a gnoll sergeant
   487 | D:4      | Noticed an iguana
   514 | D:5      | Noticed a jelly
   535 | D:5      | Noticed a sky beast
   604 | D:4      | Noticed an ogre
   609 | D:4      | Found Woewocac's Fire Supplies.
   672 | D:3      | Reached XP level 2. HP: 16/16 MP: 3/3
  1011 | D:3      | Quit the game

Illustrated notes

Levels and vault maps discovered:
D:1:      lightli_molten_gateway, layout_basic, serial_rivers,
          chequers_serial_rivers_small_b, chequers_serial_rivers_small_a,
          chequers_serial_rivers_room_b, chequers_serial_rivers_micro_d,
          chequers_serial_rivers_micro_d
D:2:      layout_basic, ebering_ecumenical_altar_abandoned
D:3:      layout_loops_ring, grunt_gozag_statues, uniq_natasha, uniq_sigmund
D:4:      gammafunk_steamed_eel, layout_cave_pools, serial_shops, shop,
          nicolae_shop_fire_sale [nicolae_sub_dead_trees], st_stairs_3
D:5:      layout_rooms, nzn_overflow_gifts_of_might_and_magic,
          minmay_temple_entry_hall
D:6:      layout_basic, lemuel_coloured_pillars_altar,
          fedhas_bush_and_centaur_altar
D:7:      layout_cave_pools, lightli_ossuary_entry_decrepit_ruins,
          hangedman_abyss_or_decor_stabs, uniq_prince_ribbit1

Action                     || total
---------------------------++-------
  Melee: Short sword       ||    60
 Armour: Robe              ||    21
  Dodge: Dodged            ||    69

Table legend: (Time is in decaauts)
 A = Elapsed time spent in this place.
 B = Non-inter-level travel time spent in this place.
 C = Inter-level travel time spent in this place.
 D = Time resting spent in this place.
 E = Time spent auto-exploring this place.
 F = Levels seen in this place.
 G = Mean time per level.
                   A        B        C        D        E       F      G
               +--------+--------+--------+--------+--------+-----+--------+
         Total |    664 |    664 |      0 |      0 |    322 |   7 |   94.9 |
       Dungeon |    664 |    664 |      0 |      0 |    322 |   7 |   94.9 |
               +--------+--------+--------+--------+--------+-----+--------+

Top non-repeatable levels by time:
     D:3: 346 daAuts
     D:5: 93 daAuts
     D:4: 79 daAuts
     D:6: 53 daAuts
     D:2: 51 daAuts
     D:7: 33 daAuts
     D:1: 7 daAuts
